 Dungeon Crawl Stone Soup version 0.29-a0-92-gee772dd00f (webtiles) character file.

Game seed: 5953199961861179134

319 jlumianski the Firebug (level 6, -4/46 HPs)
             Began as a Hill Orc Fire Elementalist on Feb 10, 2022.
             Slain by a scorpion (6 damage)
             ... on level 3 of the Dungeon.
             The game lasted 00:17:35 (3301 turns).

jlumianski the Firebug (Hill Orc Fire Elementalist) Turns: 3301, Time: 00:17:39

Health: -4/46      AC:  2    Str: 13    XL:     6   Next: 45%
Magic:  5/10       EV: 12    Int: 15    God:
Gold:   59         SH:  0    Dex: 11    Spells: 7/10 levels left

rFire   + . .      SeeInvis .   o - staff of fire
rCold   + . .      Faith    .   (no shield)
rNeg    . . .      Spirit   .   a - +0 robe
rPois   .          Reflect  .   (no helmet)
rElec   .          Harm     .   (no cloak)
rCorr   .          Rampage  .   (no gloves)
Will    .....                   (no boots)
Stlth   ++........              (no amulet)
HPRegen 0.15/turn               b - ring of protection from cold
MPRegen 0.12/turn               (no ring)

@: no status effects
A: no striking features
a: no special abilities


You were on level 3 of the Dungeon.
You visited 1 branch of the dungeon, and saw 4 of its levels.

You collected 185 gold pieces.
You spent 126 gold pieces at shops.

Inventory:

Hand Weapons
 f - a +0 dagger
 g - a +0 short sword
 p - a +1 dagger of venom
Missiles
 j - 4 poisoned darts (quivered)
 k - 43 stones
 m - 6 silver boomerangs
Armour
 a - a +0 robe (worn)
 c - a +0 ring mail
 i - a +0 ring mail
Magical Staves
 o - a staff of fire (weapon)
Jewellery
 b - a ring of protection from cold (left hand)
Wands
 h - a wand of acid (7)
Scrolls
 d - a scroll of identify
 n - a scroll of immolation
Potions
 e - 3 potions of curing
 l - 2 potions of degeneration
 q - a potion of lignification {unknown}


   Skills:
 + Level 0.8 Fighting
 + Level 1.6 Short Blades
 + Level 2.2 Dodging
 + Level 2.7 Stealth
 + Level 2.9 Spellcasting
 + Level 1.4 Conjurations
 + Level 4.9 Fire Magic


You had 7 spell levels left.
You knew the following spells:

 Your Spells              Type           Power      Damage    Failure   Level
a - Foxfire               Conj/Fire      68%        2x1d7     5%          1
b - Scorch                Fire           50%        2d7       4%          2

Your spell library contained the following spells:

 Spells                   Type           Power      Damage    Failure   Level
 Conjure Flame            Conj/Fire      17%        6-21      16%         3
 Inner Flame              Hex/Fire       14%        N/A       22%         3
 Flame Wave               Conj/Fire      17%        2d6       47%         4
 Summon Cactus Giant      Summ           1%         N/A       100%        6


Dungeon Overview and Level Annotations

Branches:
Dungeon (4/15)
 Temple: D:4-7

Altars:

Shops:
D:4 *

Annotations:
D:4 Grinder


Message History

The hound skeleton is almost destroyed.
The scorpion barely misses you. The hound skeleton misses you.
An orc comes into view. It is wielding a +0 short sword.
You feel sick. The scorpion stings you.
You are more poisoned.
The scorpion poisons you!
You feel very sick.
You feel sick.
You feel better. The scorpion stings you!
Okay, then.
Okay, then.
The scorpion barely misses you. The scorpion closely misses you.
The scorpion is no longer covered in acid.
There is an open door here.
The scorpion stings you.
You are poisoned.
The scorpion poisons you!
You feel very sick.
You feel sick.
You feel sick.
You feel sick. The scorpion misses you.
You feel sick.
You feel sick.
You feel sick.
You feel sick. The scorpion barely misses you.
You feel sick.
You are no longer poisoned.
There is a stone staircase leading up here.
The scorpion stings you!
* * * LOW HITPOINT WARNING * * *
You climb upwards.
There is a stone staircase leading down here.
Casting: Foxfire (safe; 5% risk of failure)
Confirm with . or Enter, or press ? or * to list all spells.
You feel a surge of power!
Flames lash the scorpion.
The scorpion is almost dead.
The scorpion's fire resistance burns away.
The scorpion stings you.
You die...

#
#....##.............##.....
###
##.###########......######.#
..# ##..#♣..#.## ##.....##
#.# #.###≈≈.#≈≈.#≈≈#
#.....## #.#
#....≈.≈#.≈♣#..# #...### #.#
#.##.≈≈≈.≈≈≈≈≈≈###...#####
#.#
..##..≈.≈≈.≈.............#
#.#
#####≈≈≈...≈≈≈..##.#####.#
#.# #.≈≈≈≈....≈.@s.# #.# #.#
#.#≈♣.≈..≈≈#########.# #.#
#.##..#.≈≈...........# #.#
#####.#≈≈≈#########..#
####.# ########..##### #..#
#....#
.........##############..#
#.####
##.####.###..............#
#.#
##.####.###.##...#######.#
#.#
#........................#
#.#


You could see a scorpion (combustible).

Vanquished Creatures
  An ogre (D:3)
  A bullfrog skeleton (D:4)
  A jelly (D:4)
  Jessica (D:2)
  Natasha (twice) (D:2)
  An orc wizard (D:4)
  2 adders (D:2)
  2 worms (D:2)
  2 dart slugs
  An orc (D:4)
  4 endoplasms
  4 giant cockroaches
  5 goblins
  A hobgoblin (D:3)
  2 jackals (D:1)
  4 quokkas
  6 ball pythons
  3 bats
  3 frilled lizards
  2 kobolds
  8 rats
56 creatures vanquished.

Vanquished Creatures (others)
  67 foxfires
67 creatures vanquished.

Grand Total: 123 creatures vanquished

Notes
Turn   | Place    | Note
-------+----------+-------------------------------------------
     0 | D:1      | jlumianski the Hill Orc Fire Elementalist began the quest
                  | for the Orb.
     0 | D:1      | Reached XP level 1. HP: 14/14 MP: 3/3
   368 | D:1      | Reached XP level 2. HP: 20/20 MP: 1/4
   579 | D:1      | Learned a level 2 spell: Scorch
   764 | D:1      | Reached XP level 3. HP: 26/26 MP: 3/5
  1673 | D:2      | Reached skill level 4 in Fire Magic
  1673 | D:2      | Reached XP level 4. HP: 27/33 MP: 0/7
  2063 | D:2      | Noticed Natasha
  2198 | D:2      | Noticed Jessica
  2202 | D:2      | Killed Jessica
  2203 | D:2      | Reached skill level 1 in Short Blades
  2268 | D:2      | Killed Natasha
  2269 | D:2      | Reached XP level 5. HP: 31/39 MP: 3/8
  2338 | D:2      | Noticed Natasha
  2349 | D:2      | Killed Natasha
  2647 | D:3      | Noticed an ogre
  2660 | D:3      | Killed an ogre
  2661 | D:3      | Reached XP level 6. HP: 46/46 MP: 3/10
  3045 | D:4      | Found Sokofy's Assorted Antiques.
  3057 | D:4      | Bought 2 potions of curing for 126 gold pieces
  3068 | D:4      | Identified a scroll of acquirement
  3069 | D:4      | Acquired a staff of fire
  3174 | D:4      | Noticed Grinder
  3299 | D:4      | HP: 2/46 [scorpion (7)]
  3301 | D:3      | Slain by a scorpion

Illustrated notes

Levels and vault maps discovered:
D:1:      dpeg_arrival_ratfight, layout_basic
D:2:      layout_loops_ring, st_stairs_8, serial_bayou_pond_e, uniq_natasha,
          uniq_jessica
D:3:      layout_loops_ring, chequers_serial_rivers_marsh
D:4:      layout_gridville, serial_shops, shop, uniq_grinder

Skill      XL: |  1  2  3  4  5 |
---------------+----------------+-----
Stealth        | 2 |  2.7
Spellcasting   | 2 |  2.9
Fire Magic     | 4 |  4.9
Short Blades   | 1 |  1.6
Dodging        | 2 |  2.2
Fighting       | |  0.8
Conjurations   | |  1.4

Action                   |  1- 3 |  4- 6 || total
-------------------------+-------+-------++-------
Melee: Dagger            |    56 |    24 ||    80
       Staff             |       |     6 ||     6
Throw: Dart              |       |     2 ||     2
 Cast: Foxfire           |    30 |     9 ||    39
       Scorch            |     5 |    18 ||    23
Evoke: Wand              |       |     1 ||     1
  Use: Potion            |     1 |     1 ||     2
       Scroll            |     4 |     3 ||     7
 Stab: Sleeping          |     2 |     3 ||     5
Armor: Robe              |     7 |     6 ||    13
Dodge: Dodged            |    29 |    32 ||    61

Table legend: (Time is in decaauts)
 A = Elapsed time spent in this place.
 B = Non-inter-level travel time spent in this place.
 C = Inter-level travel time spent in this place.
 D = Time resting spent in this place.
 E = Time spent auto-exploring this place.
 F = Levels seen in this place.
 G = Mean time per level.
                   A        B        C        D        E       F      G
               +--------+--------+--------+--------+--------+-----+--------+
         Total |   3307 |   3268 |     39 |    180 |   1956 |   4 |  826.8 |
       Dungeon |   3307 |   3268 |     39 |    180 |   1956 |   4 |  826.8 |
               +--------+--------+--------+--------+--------+-----+--------+

Top non-repeatable levels by time:
     D:1: 1225 daAuts
     D:2: 1149 daAuts
     D:3: 580 daAuts
     D:4: 351 daAuts
